[Event "42nd Olympiad Baku 2016 Open"]
[Site "Baku"]
[Date "2016.09.06"]
[Round "5.27"]
[White "Sadikin The, Irwanto"]
[Black "Studer, Noel"]
[Result "1/2-1/2"]
[ECO "D37"]
[WhiteElo "2327"]
[BlackElo "2445"]
[Annotator ""]
[PlyCount "150"]
[EventDate "2016.??.??"]
[EventType "team-tourn"]
[EventCountry "AZE"]
[SourceTitle "playchess.com"]
[Source "ChessBase"]
[WhiteTeam "Indonesia"]
[BlackTeam "Switzerland"]
[WhiteTeamCountry "INA"]
[BlackTeamCountry "SUI"]
[TimeControl "40/5400+30:1800+30"]

1. d4 {(00:00)} e6 {(00:00)} 2. c4 {(00:00)} Nf6 {(
00:00)} 3. Nf3 {(00:00)} d5 {(00:00)} 4. Nc3 {(00:04)}
Nbd7 {(00:00)} 5. Bg5 {(00:28)} h6 {(00:00)} 6. Bh4 {
(00:09)} Be7 {(00:00)} 7. e3 {(00:09)} O-O {(00:00]
} 8. cxd5 {(03:23)} Nxd5 {(03:16)} 9. Bxe7 {(03:51)} Qxe7
{(00:19)} 10. Nxd5 {(12:31)} exd5 {(00:17)} 11. Qb3 {
(00:05)} Nf6 {(17:57)} 12. Bd3 {(01:52)} b6 {(00:
26)} 13. Rc1 {(00:33)} Bb7 {(03:08)} 14. O-O {(00:19)} c5
{(18:03)} 15. dxc5 {(07:40)} bxc5 {(00:09)} 16. Qa3 {
(00:07)} Rfc8 {(00:05)} 17. Rc2 {(02:31)} Kf8 {(03:
56)} 18. Bf5 {(01:49)} Rc7 {(12:05)} 19. Rfc1 {(00:37)} g6
{(10:56)} 20. Bd3 {(04:28)} c4 {(00:08)} 21. Qxe7+ {
(00:09)} Rxe7 {(00:02)} 22. Be2 {(00:14)} a5 {(00:
17)} 23. b3 {(00:37)} cxb3 {(00:03)} 24. axb3 {(00:08)} a4
{(00:02)} 25. bxa4 {(01:02)} Rxa4 {(00:05)} 26. Bb5 {
(08:29)} Ra5 {(05:06)} 27. Nd4 {(00:08)} Ba6 {(01:
18)} 28. Rc6 {(00:42)} Bxb5 {(00:03)} 29. Rxf6 {(00:06)}
Bd7 {(02:02)} 30. Rd6 {(01:01)} Be6 {(01:37)} 31. h3 {
(00:08)} Raa7 {(12:56)} 32. Rcc6 {(00:44)} Rad7 {(
00:13)} 33. Nxe6+ {(00:58)} fxe6 {(00:01)} 34. Rxd7 {(00:
43)} Rxd7 {(00:03)} 35. Rxe6 {(00:10)} Kf7 {(00:01)} 36.
Rb6 {(00:23)} d4 {(00:04)} 37. Rb2 {(03:49)} Kf6 {(
06:27)} 38. Kf1 {(00:21)} dxe3 {(00:02)} 39. fxe3 {(00:12]
} Rd6 {(00:33)} 40. Ke2 {(00:00)} Ke5 {(00:00)} 41. Rb8 {
(01:04)} Kf6 {(09:45)} 42. Rf8+ {(02:40)} Kg7 {(02:
20)} 43. Rf2 {(00:14)} Ra6 {(00:02)} 44. h4 {(02:38)} Ra2+
{(05:18)} 45. Kf3 {(00:12)} Ra4 {(00:01)} 46. g3 {(
00:16)} g5 {(09:19)} 47. hxg5 {(03:27)} hxg5 {(00:03)} 48.
Rd2 {(00:29)} Kf6 {(08:20)} 49. Rd6+ {(03:45)} Ke5 {
(00:39)} 50. Rd4 {(00:44)} Ra3 {(00:35)} 51. Rd8 {(
01:41)} Ra4 {(01:01)} 52. g4 {(04:29)} Ke6 {(02:02)} 53.
Re8+ {(02:47)} Kf6 {(00:29)} 54. Rf8+ {(00:15)} Kg6 {
(00:01)} 55. Rf5 {(00:08)} Ra1 {(01:52)} 56. Rd5 {(
00:17)} Rg1 {(00:38)} 57. Rd4 {(00:52)} Kf6 {(00:11)} 58.
Kf2 {(02:52)} Ra1 {(00:02)} 59. Rd6+ {(00:11)} Kf7 {
(00:25)} 60. Ke2 {(00:33)} Rg1 {(01:04)} 61. Kf3 {(
00:25)} Rf1+ {(00:44)} 62. Ke4 {(00:18)} Kg7 {(00:35)} 63.
Rd8 {(10:34)} Kf7 {(00:37)} 64. Ke5 {(02:13)} Rf3 {
(00:17)} 65. Rd7+ {(02:13)} Kg6 {(00:13)} 66. Rd6+ {
(00:43)} Kg7 {(01:10)} 67. Rd3 {(01:06)} Kg6 {(00:
24)} 68. Rd6+ {(21:47)} Kg7 {(00:03)} 69. Ke4 {(13:02)}
Rg3 {(00:21)} 70. Ra6 {(03:18)} Rxg4+ {(00:45)} 71. Kf5 {
(00:05)} Rb4 {(00:02)} 72. Kxg5 {(00:21)} Kf7 {(00:
19)} 73. Kf5 {(00:14)} Rb5+ {(00:09)} 74. Kf4 {(00:12)}
Ke7 {(00:03)} 75. e4 {(00:20)} Kf7 {(00:02)} 1/2-1/2

[Event "42nd Olympiad Baku 2016 Open"]
[Site "Baku"]
[Date "2016.09.06"]
[Round "5.9"]
[White "Sadorra, Julio Catalino"]
[Black "Solomon, Kenny"]
[Result "1-0"]
[ECO "E46"]
[WhiteElo "2560"]
[BlackElo "2371"]
[Annotator ""]
[PlyCount "125"]
[EventDate "2016.??.??"]
[EventType "team-tourn"]
[EventCountry "AZE"]
[SourceTitle "playchess.com"]
[Source "ChessBase"]
[WhiteTeam "Philippines"]
[BlackTeam "South Africa"]
[WhiteTeamCountry "PHI"]
[BlackTeamCountry "RSA"]
[TimeControl "40/5400+30:1800+30"]

1. d4 {(00:00)} Nf6 {(00:00)} 2. c4 {(00:00)} e6 {(
00:00)} 3. Nc3 {(00:00)} Bb4 {(00:00)} 4. e3 {(00:00)} O-O
{(00:02)} 5. Nge2 {(00:00)} d5 {(00:06)} 6. a3 {(
00:09)} Bd6 {(00:22)} 7. Ng3 {(00:18)} c5 {(06:59)} 8.
dxc5 {(00:07)} Bxc5 {(00:05)} 9. b4 {(00:04)} Be7 {
(00:35)} 10. cxd5 {(00:38)} exd5 {(00:33)} 11. Bd3 {
(00:37)} Nc6 {(02:05)} 12. Nce2 {(02:29)} a5 {(11:
21)} 13. b5 {(00:10)} Ne5 {(00:01)} 14. Bb2 {(04:38)} Nc4
{(28:25)} 15. Bc3 {(04:14)} Bd7 {(08:48)} 16. a4 {(
02:53)} Re8 {(06:37)} 17. O-O {(02:04)} Rc8 {(02:49)} 18.
Rc1 {(09:53)} Be6 {(02:49)} 19. Nf4 {(08:51)} Nd6 {
(09:06)} 20. Bb1 {(10:06)} Bf8 {(02:58)} 21. Qd3 {(
11:01)} g6 {(00:34)} 22. Bxf6 {(04:41)} Qxf6 {(00:02)} 23.
Nxd5 {(00:09)} Bxd5 {(07:02)} 24. Qxd5 {(00:32)} Rxc1 {
(02:15)} 25. Rxc1 {(00:05)} Qb2 {(00:02)} 26. Rd1 {
(01:40)} Rc8 {(00:04)} 27. Nf1 {(12:15)} Rc1 {(06:
29)} 28. Rxc1 {(01:42)} Qxc1 {(00:01)} 29. Ba2 {(00:05)}
Qc2 {(00:36)} 30. Bb3 {(00:28)} Qe4 {(02:46)} 31. Nd2 {
(02:51)} Qxd5 {(00:15)} 32. Bxd5 {(00:04)} b6 {(01:
13)} 33. e4 {(02:48)} Kg7 {(00:25)} 34. Kf1 {(01:57)} Be7
{(01:00)} 35. Nf3 {(04:16)} f6 {(00:24)} 36. Nd4 {(
00:13)} Ne8 {(00:33)} 37. Ne6+ {(00:18)} Kh8 {(00:14)} 38.
Bc6 {(07:40)} Nd6 {(00:44)} 39. Ke2 {(01:09)} Nf7 {
(00:24)} 40. f4 {(00:00)} Nd8 {(00:00)} 41. Nc7 {(
01:16)} Kg7 {(03:40)} 42. Kd3 {(15:06)} Bc5 {(02:19)} 43.
e5 {(02:18)} fxe5 {(18:53)} 44. fxe5 {(00:04)} Kf8 {
(00:40)} 45. Ke4 {(00:34)} Bg1 {(02:36)} 46. h3 {(
00:15)} Bh2 {(02:35)} 47. Nd5 {(08:48)} Bg1 {(00:01)} 48.
Nf6 {(04:02)} Ke7 {(02:08)} 49. Bd5 {(00:33)} h5 {(
00:44)} 50. g3 {(01:21)} Bh2 {(01:12)} 51. g4 {(00:10)}
hxg4 {(00:10)} 52. hxg4 {(01:33)} Bg1 {(00:16)} 53. Nh7 {
(00:16)} Bc5 {(01:25)} 54. Ng5 {(00:15)} Kd7 {(00:
57)} 55. Nf3 {(01:48)} Be7 {(00:24)} 56. e6+ {(03:02)}
Nxe6 {(00:34)} 57. Ne5+ {(00:04)} Kd6 {(00:04)} 58. Nc4+ {
(00:28)} Kc5 {(00:37)} 59. Bxe6 {(00:09)} Bd8 {(00:
17)} 60. Ne5 {(00:12)} g5 {(00:47)} 61. Nd3+ {(00:09)} Kd6
{(00:00)} 62. Kf5 {(00:10)} Be7 {(00:15)} 63. Bb3 {
Kd5 Ke4+} 1-0

[Event "42nd Olympiad Baku 2016 Open"]
[Site "Baku"]
[Date "2016.09.06"]
[Round "5.11"]
[White "Saeed, Ishaq"]
[Black "Henriquez Villagra, Cristobal"]
[Result "0-1"]
[ECO "A06"]
[WhiteElo "2310"]
[BlackElo "2508"]
[Annotator ""]
[PlyCount "108"]
[EventDate "2016.??.??"]
[EventType "team-tourn"]
[EventCountry "AZE"]
[SourceTitle "playchess.com"]
[Source "ChessBase"]
[WhiteTeam "United Arab Emirates"]
[BlackTeam "Chile"]
[WhiteTeamCountry "UAE"]
[BlackTeamCountry "CHI"]
[TimeControl "40/5400+30:1800+30"]

1. Nf3 {(00:20)} d5 {(00:47)} 2. e3 Nf6 {(03:04)} 3. c4 {
(01:24)} c6 {(00:18)} 4. b3 {(00:13)} Bf5 {(00:36)}
5. Nh4 {(28:26)} Bg6 {(06:38)} 6. Bb2 {(02:30)} e6 {
(00:29)} 7. Be2 {(05:11)} Nbd7 {(02:05)} 8. Nxg6 {(
11:51)} hxg6 {(00:07)} 9. Nc3 {(01:39)} Bd6 {(00:52)} 10.
h3 {(00:14)} a6 {(04:29)} 11. d4 {(03:32)} b5 {(11:
32)} 12. Qc2 {(14:18)} Qe7 {(15:57)} 13. c5 {(16:40)} Bc7
{(00:26)} 14. a4 {(00:07)} b4 {(00:54)} 15. Na2 {(
01:22)} a5 {(00:05)} 16. O-O-O {(01:39)} e5 {(06:36)} 17.
e4 {(00:14)} Nxe4 {(11:19)} 18. Bd3 {(00:28)} Qg5+ {
(09:40)} 19. Kb1 {(03:07)} Qxg2 {(00:11)} 20. Rhe1 {
(00:07)} O-O {(08:08)} 21. Rxe4 {(00:45)} dxe4 {(
03:23)} 22. Bxe4 {(00:16)} Qxh3 {(01:17)} 23. Rh1 {(01:14]
} Qe6 {(00:16)} 24. f4 {(00:13)} exf4 {(01:53)} 25. Qg2 {
(06:02)} f3 {(03:41)} 26. Bxf3 {(00:28)} Nf6 {(00:
37)} 27. Bxc6 {(00:28)} Rad8 {(00:04)} 28. Ka1 {(00:34)}
Bf4 {(01:38)} 29. Qf3 {(00:35)} Qg4 {(01:31)} 30. Qxg4 {
(00:29)} Nxg4 {(00:06)} 31. Rh4 {(00:06)} Ne5 {(02:
28)} 32. Be4 {(00:53)} Bg5 {(02:02)} 33. Rh1 {(00:12)} Nd7
{(00:06)} 34. Nc1 {(00:46)} Be3 {(01:57)} 35. Ne2 {
(00:29)} Rfe8 {(00:22)} 36. Bc6 {(00:22)} Re7 {(00:
49)} 37. Bb5 {(00:19)} Nf6 {(00:34)} 38. c6 {(00:53)} Rd6
{(01:06)} 39. Rh3 {(00:29)} Nd5 {(00:12)} 40. Nc1 {
(00:00)} Nc7 {(00:00)} 41. Kb1 {(03:53)} Bxd4 {(01:
43)} 42. Rd3 {(05:26)} Bc5 {(00:39)} 43. Rxd6 {(00:12)}
Bxd6 {(00:02)} 44. Nd3 {(00:12)} g5 {(01:00)} 45. Bd4 {
(00:06)} g4 {(00:34)} 46. Nb2 {(00:07)} Re4 {(04:
11)} 47. Bb6 {(00:27)} Nd5 {(00:26)} 48. Ba7 {(02:13)} g3
{(00:54)} 49. Nc4 {(00:47)} Bc7 {(00:26)} 50. Kc2 {
(00:28)} g2 {(00:21)} 51. Kd2 {(00:10)} Rxc4 {(00:
34)} 52. Bxc4 {(01:58)} Nb6 {(00:04)} 53. Bxb6 {(00:10)}
Bxb6 {(00:02)} 54. c7 {(00:06)} Bxc7 {(00:03)} 0-1

[Event "42nd Olympiad Baku 2016 Open"]
[Site "Baku"]
[Date "2016.09.06"]
[Round "5.9"]
[White "Salem, A R  Saleh"]
[Black "Morovic Fernandez, Ivan"]
[Result "1/2-1/2"]
[ECO "E62"]
[WhiteElo "2628"]
[BlackElo "2554"]
[Annotator ""]
[PlyCount "87"]
[EventDate "2016.??.??"]
[EventType "team-tourn"]
[EventCountry "AZE"]
[SourceTitle "playchess.com"]
[Source "ChessBase"]
[WhiteTeam "United Arab Emirates"]
[BlackTeam "Chile"]
[WhiteTeamCountry "UAE"]
[BlackTeamCountry "CHI"]
[TimeControl "40/5400+30:1800+30"]

1. d4 {(00:00)} Nf6 {(00:00)} 2. c4 {(00:00)} d6 {(
00:05)} 3. Nf3 {(00:16)} g6 {(00:12)} 4. g3 {(00:16)} Bg7
{(00:10)} 5. Bg2 {(00:02)} O-O {(00:13)} 6. O-O {(
00:04)} Nc6 {(00:53)} 7. Nc3 {(00:21)} e5 {(00:06)} 8. d5
{(00:07)} Nb8 {(00:04)} 9. e4 {(00:24)} a5 {(00:30]
} 10. Ne1 {(00:06)} Na6 {(00:03)} 11. Nd3 {(00:10)} Nd7 {
(01:05)} 12. Be3 {(02:34)} f5 {(01:24)} 13. f4 {(
26:27)} exf4 {(25:22)} 14. Nxf4 {(00:17)} Ndc5 {(00:34)}
15. Qd2 {(09:41)} fxe4 {(08:15)} 16. Nxe4 {(03:02)} Nxe4 {
(00:16)} 17. Bxe4 {(00:03)} Nc5 {(00:11)} 18. Bg2 {
(06:50)} Bd7 {(19:39)} 19. Rae1 {(03:31)} Re8 {(03:
08)} 20. b3 {(19:38)} Ne4 {(06:54)} 21. Qc2 {(01:31)} Nc5
{(00:36)} 22. Bxc5 {(13:56)} dxc5 {(03:14)} 23. Ne6 {
(00:31)} Bxe6 {(01:16)} 24. dxe6 {(00:01)} c6 {(00:
16)} 25. Bh3 {(02:14)} Re7 {(05:14)} 26. Kg2 {(01:25)} Bd4
{(04:52)} 27. a4 {(02:38)} Qd6 {(05:55)} 28. Qe4 {(
00:04)} Rd8 {(06:02)} 29. Bg4 {(00:57)} Kg7 {(01:09)} 30.
h4 {(01:27)} Bf6 {(02:55)} 31. Rd1 {(01:32)} Qc7 {(
00:35)} 32. Qf3 {(00:59)} Bd4 {(01:21)} 33. Rxd4 {(01:28)}
cxd4 {(00:13)} 34. Qf6+ {(00:03)} Kg8 {(01:26)} 35. h5 {
(00:30)} Rg7 {(01:01)} 36. h6 {(00:34)} Re7 {(00:
09)} 37. Bh5 {(00:44)} Qd6 {(00:59)} 38. Bxg6 {(01:33)}
hxg6 {(00:23)} 39. Qxg6+ {(01:17)} Kh8 {(00:05)} 40. Qf6+
{(00:00)} Kh7 {(00:00)} 41. Qf5+ {(02:50)} Kh8 {(
02:23)} 42. Qf6+ {(01:56)} Kh7 {(05:37)} 43. Qf5+ {(00:04]
} Kh8 {(00:09)} 44. Qf6+ 1/2-1/2

[Event "42nd Olympiad Baku 2016 Open"]
[Site "Baku"]
[Date "2016.09.06"]
[Round "5.24"]
[White "Sanikidze, Tornike"]
[Black "Ibarra Jerez, Jose Carlos"]
[Result "1/2-1/2"]
[ECO "E20"]
[WhiteElo "2497"]
[BlackElo "2566"]
[Annotator ""]
[PlyCount "229"]
[EventDate "2016.??.??"]
[EventType "team-tourn"]
[EventCountry "AZE"]
[SourceTitle "playchess.com"]
[Source "ChessBase"]
[WhiteTeam "Georgia"]
[BlackTeam "Spain"]
[WhiteTeamCountry "GEO"]
[BlackTeamCountry "ESP"]
[TimeControl "40/5400+30:1800+30"]

1. d4 {(00:00)} Nf6 {(00:08)} 2. c4 {(00:11)} e6 {(
00:43)} 3. Nc3 {(01:59)} Bb4 {(01:28)} 4. g3 {(01:30)} O-O
{(05:48)} 5. Bg2 {(06:29)} d5 {(00:49)} 6. a3 {(00:
09)} Bxc3+ {(20:35)} 7. bxc3 {(00:24)} c5 {(05:25)} 8.
cxd5 {(15:07)} exd5 {(02:51)} 9. Nf3 {(04:08)} Ne4 {
(10:02)} 10. O-O {(09:56)} Re8 {(17:13)} 11. Bb2 {(
05:13)} Nc6 {(06:28)} 12. Nd2 {(07:23)} Nxd2 {(04:06)} 13.
Qxd2 {(00:21)} cxd4 {(01:48)} 14. cxd4 {(01:47)} Na5 {
(00:16)} 15. Qd3 {(08:11)} Nc4 {(01:28)} 16. Bc1 {(
10:33)} Be6 {(00:51)} 17. f3 {(00:54)} Qd7 {(00:47)} 18.
e4 {(00:09)} Rac8 {(02:59)} 19. e5 {(02:15)} Bf5 {(
00:24)} 20. Qd1 {(04:15)} h5 {(00:23)} 21. Ra2 {(01:31)}
Rc6 {(00:24)} 22. Raf2 {(03:07)} Rg6 {(02:07)} 23. Kh1 {
(07:31)} Rd8 {(03:35)} 24. Qb3 {(01:15)} Rb6 {(00:
53)} 25. Qd1 {(00:01)} Rb1 {(01:04)} 26. Qe2 {(00:48)} Rc8
{(00:36)} 27. g4 {(01:35)} hxg4 {(00:37)} 28. fxg4 {
(00:03)} Bg6 {(00:15)} 29. Bf4 {(02:45)} Rb2 {(00:
31)} 30. Qe1 {(01:40)} Rb1 {(00:33)} 31. Qe2 {(00:01)}
Nxa3 {(00:55)} 32. Qf3 {(00:21)} Rxf1+ {(01:18)} 33. Rxf1
{(00:00)} Nb5 {(01:54)} 34. Qxd5 {(00:08)} Qxd5 {(
00:45)} 35. Bxd5 {(00:04)} Nxd4 {(00:31)} 36. Bxb7 {(01:
12)} Rb8 {(00:53)} 37. Bg2 {(01:19)} Ne6 {(00:53)} 38. Be3
{(00:57)} a5 {(00:58)} 39. Ra1 {(00:10)} Rb4 {(01:
08)} 40. Bd2 {(00:00)} Rxg4 {(00:00)} 41. Bxa5 {(08:43)}
Be4 {(10:43)} 42. Bxe4 {(00:06)} Rxe4 {(00:10)} 43. Re1 {
(03:37)} Ra4 {(06:52)} 44. Bd2 {(02:58)} Ra2 {(00:
58)} 45. Be3 {(00:22)} Kh7 {(00:58)} 46. Rf1 {(02:44)} Kg6
{(00:49)} 47. Bf2 {(09:38)} Re2 {(03:09)} 48. Bg3 {
(00:06)} Nc5 {(01:07)} 49. Rb1 {(05:21)} Nd7 {(03:
58)} 50. Rb5 {(04:15)} Kf5 {(00:46)} 51. Kg1 {(00:47)}
Nxe5 {(01:19)} 52. Kf1 {(00:03)} Re4 {(00:24)} 53. Rb7 {
(00:10)} Ke6 {(01:22)} 54. Rb6+ {(00:55)} Ke7 {(00:
44)} 55. Bxe5 {(00:12)} Rxe5 {(00:09)} 56. Kf2 {(00:03)}
Re6 {(01:09)} 57. Rb7+ {(00:09)} Kf6 {(00:13)} 58. Kf3 {
(00:04)} Ra6 {(01:36)} 59. h4 {(03:18)} g6 {(03:33]
} 60. Rb5 {(00:28)} Ra4 {(00:30)} 61. Kg3 {(00:14)} Re4 {
(00:29)} 62. Rb7 {(00:47)} Re7 {(00:55)} 63. Rb5 {(
00:06)} Re5 {(00:20)} 64. Rb7 {(00:01)} Kg7 {(00:29)} 65.
Ra7 {(00:21)} Rf5 {(00:20)} 66. Rb7 {(00:14)} Kh6 {
(00:21)} 67. Rc7 {(00:24)} Rf1 {(00:35)} 68. Kg2 {(
00:01)} Rf5 {(00:27)} 69. Kg3 {(00:00)} Kg7 {(00:20)} 70.
Rc6 {(01:00)} Rd5 {(00:13)} 71. Rc7 {(00:29)} Kf6 {
(00:16)} 72. Ra7 {(00:28)} Ke6 {(00:27)} 73. Kf4 {(
01:20)} f6 {(01:42)} 74. Ra6+ {(00:05)} Rd6 {(00:06)} 75.
Ra4 {(00:05)} Rc6 {(00:29)} 76. Ra5 {(02:27)} Rc4+ {
(00:20)} 77. Kg3 {(00:03)} Rd4 {(00:23)} 78. Rb5 {(
00:56)} Re4 {(01:17)} 79. Rb1 {(00:31)} Kf5 {(00:20)} 80.
Rb5+ {(00:32)} Re5 {(00:06)} 81. Rb3 {(00:01)} Rd5 {
(00:37)} 82. Rf3+ {(00:47)} Ke6 {(00:15)} 83. Re3+ {
(00:17)} Kf7 {(00:13)} 84. Ra3 {(00:03)} Kg7 {(00:
10)} 85. Ra6 {(01:14)} Rd3+ {(00:22)} 86. Kg2 {(00:10)} f5
{(01:18)} 87. Ra8 {(00:54)} Re3 {(00:25)} 88. Rb8 {
(00:08)} Re4 {(00:40)} 89. Kg3 {(00:45)} Rg4+ {(00:
08)} 90. Kh3 {(00:01)} Ra4 {(00:13)} 91. Kg3 {(00:06)}
Ra3+ {(00:13)} 92. Kg2 {(00:11)} Re3 {(01:36)} 93. Ra8 {
(00:17)} Rd3 {(00:28)} 94. Rb8 {(00:14)} Rd6 {(00:
17)} 95. Kf3 {(00:57)} Kf6 {(00:15)} 96. Rf8+ {(00:10)}
Kg7 {(01:01)} 97. Rb8 {(00:01)} Re6 {(00:20)} 98. Ra8 {
(01:45)} Rd6 {(00:35)} 99. Rb8 {(00:05)} Rd3+ {(00:
13)} 100. Kg2 {(00:02)} Kf7 {(01:01)} 101. Rb6 {(00:55)}
Re3 {(00:16)} 102. Rb8 {(01:50)} Re8 {(00:39)} 103. Rb7+ {
(00:26)} Kf6 {(00:07)} 104. Kf3 {(00:38)} Re4 {(00:
14)} 105. Kg3 {(00:27)} Re3+ {(00:08)} 106. Kg2 {(00:04)}
f4 {(00:12)} 107. Rb5 {(00:51)} Re5 {(00:20)} 108. Rb3 {
(00:21)} Kf5 {(00:07)} 109. Kf3 {(00:04)} Rc5 {(02:
47)} 110. Ra3 {(00:36)} Re5 {(00:06)} 111. Rb3 {(00:02)}
Re3+ {(00:41)} 112. Rxe3 {(00:04)} fxe3 {(00:02)} 113. h5
{(00:02)} Kg5 {(00:34)} 114. hxg6 {(00:10)} Kxg6 {(
00:02)} 115. Kxe3 {(00:05)} 1/2-1/2

[Event "42nd Olympiad Baku 2016 Open"]
[Site "Baku"]
[Date "2016.09.06"]
[Round "5.11"]
[White "Sedlak, Nikola"]
[Black "So, Wesley"]
[Result "0-1"]
[ECO "D02"]
[WhiteElo "2537"]
[BlackElo "2782"]
[Annotator ""]
[PlyCount "68"]
[EventDate "2016.??.??"]
[EventType "team-tourn"]
[EventCountry "AZE"]
[SourceTitle "playchess.com"]
[Source "ChessBase"]
[WhiteTeam "Serbia"]
[BlackTeam "United States"]
[WhiteTeamCountry "SRB"]
[BlackTeamCountry "USA"]
[TimeControl "40/5400+30:1800+30"]

1. d4 {(00:00)} Nf6 {(00:00)} 2. Nf3 {(00:13)} d5 {
(00:00)} 3. Bf4 {(00:17)} c5 {(00:00)} 4. e3 {(00:
11)} Nc6 {(00:00)} 5. Nbd2 {(00:08)} e6 {(00:01)} 6. c3 {
(00:15)} Bd6 {(00:06)} 7. Bg3 {(00:18)} O-O {(00:
08)} 8. Bd3 {(00:44)} b6 {(00:06)} 9. Qe2 {(04:04)} Bb7 {
(03:00)} 10. Rd1 {(00:13)} Re8 {(03:56)} 11. e4 {(
04:00)} Be7 {(06:57)} 12. e5 {(00:09)} Nh5 {(00:10)} 13.
a3 {(00:15)} g6 {(03:17)} 14. Nf1 {(00:08)} f5 {(
09:42)} 15. exf6 {(01:07)} Bxf6 {(00:05)} 16. Ne3 {(02:58]
} e5 {(10:36)} 17. dxe5 {(02:46)} Nxe5 {(04:02)} 18. Nxe5
{(03:26)} Nxg3 {(06:02)} 19. hxg3 {(00:30)} Rxe5 {(
00:03)} 20. Bc4 {(06:15)} b5 {(07:48)} 21. Bxb5 {(02:45)}
Qb6 {(04:10)} 22. O-O {(00:39)} Kg7 {(08:39)} 23. Bd3 {
(02:07)} Bg5 {(05:46)} 24. c4 {(26:30)} Rae8 {(08:
22)} 25. cxd5 {(05:20)} Rxe3 {(00:39)} 26. fxe3 {(00:38)}
Bxe3+ {(00:02)} 27. Rf2 {(05:37)} c4 {(10:56)} 28. Bxc4 {
(00:12)} Rf8 {(00:05)} 29. Rdf1 {(00:09)} Qd4 {(00:
08)} 30. b3 {(00:39)} h5 {(00:43)} 31. d6 {(03:48)} h4 {
(00:33)} 32. Kh1 {(00:52)} Rxf2 {(02:15)} 33. Rxf2 {
(00:34)} hxg3 {(00:19)} 34. Rf7+ {(01:05)} Kh6 {(
00:02)} 0-1

[Event "42nd Olympiad Baku 2016 Open"]
[Site "Baku"]
[Date "2016.09.06"]
[Round "5.35"]
[White "Semedo, Adelino"]
[Black "Sabar Ethmane Daouda"]
[Result "1-0"]
[ECO "D36"]
[WhiteElo "1671"]
[BlackElo "2063"]
[Annotator ""]
[PlyCount "51"]
[EventDate "2016.??.??"]
[EventType "team-tourn"]
[EventCountry "AZE"]
[SourceTitle "playchess.com"]
[Source "ChessBase"]
[WhiteTeam "STP"]
[BlackTeam "MTN"]
[TimeControl "40/5400+30:1800+30"]

1. d4 {(00:00)} d5 2. c4 e6 {(00:00)} 3. Nc3 {(00:00)} Nf6
{(00:00)} 4. cxd5 {(00:36)} exd5 {(00:06)} 5. Bg5 {
(00:12)} c6 {(01:53)} 6. Qc2 {(00:26)} Nbd7 {(02:
53)} 7. e3 {(01:39)} Qa5 {(04:24)} 8. Bd3 {(03:42)} h6 {
(03:48)} 9. Bh4 {(02:39)} Be7 {(03:52)} 10. Nf3 {(
02:48)} O-O {(08:24)} 11. g4 {(03:56)} g5 {(12:38)} 12.
Bg3 {(04:28)} Bb4 {(08:50)} 13. h4 {(02:49)} Ne4 {(
04:18)} 14. Bxe4 {(04:25)} Bxc3+ {(00:28)} 15. bxc3 {(00:
25)} dxe4 {(01:05)} 16. hxg5 {(11:52)} hxg5 {(07:14)} 17.
Kd2 {(03:43)} f5 {(11:48)} 18. Nxg5 {(10:08)} Nb6 {
(06:56)} 19. Rh6 {(02:53)} Nc4+ {(00:42)} 20. Ke2 {
(00:55)} Rf7 {(03:08)} 21. Rah1 {(03:28)} Kf8 {(01:
37)} 22. Nxf7 {(02:55)} Qa6 {(08:24)} 23. Ke1 {(01:44)}
Na3 {(02:28)} 24. Qb3 {(05:30)} Be6 {(00:12)} 25. Rxe6 {
(03:40)} Qd3 {(00:35)} 26. Qxa3+ {(01:30)} 1-0

[Event "42nd Olympiad Baku 2016 Open"]
[Site "Baku"]
[Date "2016.09.06"]
[Round "5.16"]
[White "Sethuraman, S P."]
[Black "Safarli, Eltaj"]
[Result "1/2-1/2"]
[ECO "B33"]
[WhiteElo "2640"]
[BlackElo "2688"]
[Annotator ""]
[PlyCount "114"]
[EventDate "2016.??.??"]
[EventType "team-tourn"]
[EventCountry "AZE"]
[SourceTitle "playchess.com"]
[Source "ChessBase"]
[WhiteTeam "India"]
[BlackTeam "Azerbaijan"]
[WhiteTeamCountry "IND"]
[BlackTeamCountry "AZE"]
[TimeControl "40/5400+30:1800+30"]

1. e4 {(00:00)} c5 {(00:00)} 2. Nf3 {(00:03)} Nc6 {
(00:00)} 3. d4 {(01:29)} cxd4 {(00:00)} 4. Nxd4 {(
00:05)} Nf6 {(00:00)} 5. Nc3 {(00:06)} e5 {(00:00)} 6.
Ndb5 {(00:04)} d6 {(00:00)} 7. Bg5 {(00:07)} a6 {(
00:03)} 8. Na3 {(00:04)} b5 {(00:08)} 9. Nd5 {(01:02)} Be7
{(00:08)} 10. Bxf6 {(00:25)} Bxf6 {(00:10)} 11. c3 {
(03:21)} Bg5 {(03:25)} 12. Nc2 {(00:21)} Rb8 {(01:
01)} 13. Be2 {(09:52)} O-O {(07:01)} 14. O-O {(01:44)} a5
{(06:50)} 15. Na3 {(04:27)} Ba6 {(05:26)} 16. Qb3 {
(16:17)} Na7 {(02:38)} 17. Rad1 {(01:14)} Qd7 {(08:
37)} 18. Rfe1 {(04:53)} Kh8 {(03:08)} 19. Nc2 {(18:48)}
Nc6 {(07:50)} 20. Nce3 {(01:56)} Rfd8 {(14:05)} 21. Nf5 {
(07:08)} a4 {(11:11)} 22. Qc2 {(00:21)} g6 {(03:50]
} 23. h4 {(03:42)} Bf4 {(07:23)} 24. Nxd6 {(01:08)} Qxd6 {
(07:53)} 25. Nxf4 {(00:08)} Qc5 {(01:38)} 26. Nd5 {
(02:24)} Ne7 {(00:49)} 27. Nb4 {(07:42)} Bb7 {(00:
12)} 28. Rxd8+ {(00:16)} Rxd8 {(00:04)} 29. Rd1 {(01:15)}
Rxd1+ {(00:47)} 30. Qxd1 {(01:53)} Bxe4 {(00:31)} 31. Qd8+
{(00:08)} Ng8 {(01:16)} 32. Qa5 {(08:12)} a3 {(02:
53)} 33. Qxa3 {(00:12)} Qe7 {(01:52)} 34. Qa5 {(02:31)}
Qxh4 {(00:44)} 35. Qxb5 {(00:05)} Qg5 {(00:35)} 36. f3 {
(01:15)} Qe3+ {(02:54)} 37. Kf1 {(00:08)} Bb1 {(01:
15)} 38. Nd5 {(01:38)} Qc1+ {(00:26)} 39. Kf2 {(00:05)}
Bxa2 {(00:35)} 40. Ne3 {(00:00)} f6 {(00:00)} 41. c4 {
(02:13)} Qd2 {(08:00)} 42. b4 {(03:17)} Qb2 {(05:
17)} 43. Qc5 {(01:34)} Bb1 {(02:12)} 44. Qd6 {(03:23)} e4
{(02:42)} 45. fxe4 {(03:13)} Bxe4 {(00:12)} 46. b5 {
(00:02)} f5 {(06:19)} 47. c5 {(05:14)} Kg7 {(00:14]
} 48. Qc7+ {(00:36)} Kh6 {(01:31)} 49. Ng4+ {(11:35)} fxg4
{(00:33)} 50. Qf4+ {(00:14)} Kg7 {(02:18)} 51. Qxe4 {
(00:13)} Qf6+ {(00:22)} 52. Kg1 {(03:11)} Qc3 {(00:
10)} 53. Qc4 {(03:27)} Qe1+ {(01:01)} 54. Kh2 {(00:06)}
Qh4+ {(00:13)} 55. Kg1 {(00:03)} Qe1+ {(00:04)} 56. Kh2 {
(01:04)} Qh4+ {(00:05)} 57. Kg1 {(00:02)} Qe1+ {(
00:30)} 1/2-1/2